Lightning vs Senators

Created - Friday, April 03, 2015 at 01:11

Goals
1 2 3 T
Lightning 3 1 3 7
Senators 2 0 1 3
Shots
1 2 3 T
Lightning 12 3 14 29
Senators 12 8 8 28

1st period

1. Senators , Loui Eriksson 11 (Kyle Okposo, Henrik Sedin) at 7:59 (PP)
2. Senators , Zach Bogosian 14 (Kyle Okposo, Henrik Sedin) at 9:36 (PP)
3. Lightning , Ryan Nugent-Hopkins 15 (Alex Chiasson, Mattias Ekholm) at 10:14
4. Lightning , Tyson Barrie 17 (Derek MacKenzie, Shawn Matthias) at 14:39
5. Lightning , Michael Stone 6 (Ryan Nugent-Hopkins, Alex Chiasson) at 16:20 (PP)

Penalties :
Matt Calvert (TB ) for Charging (Minor) at 4:20, Scott Hartnell (Ott) for Tripping (Minor) at 4:25, Roman Polak (TB ) for Holding Stick (Minor) at 7:32, Ondrej Palat (TB ) for Diving (Minor) at 8:10, Nate Prosser (Ott) for Holding (Minor) at 16:04

2nd period

6. Lightning , Marc Methot 4 (Ondrej Palat, Alex Chiasson) at 5:46 (PP)

Penalties :
Marc Methot (TB ) for Hooking (Minor) at 1:19, Nate Prosser (Ott) for Interference (Minor) at 4:16, Dave Bolland (TB ) for Hooking (Minor) at 6:30, Kyle Clifford (Ott) for Holding (Minor) at 9:03, Matt Greene (Ott) for Hooking (Minor) at 9:39

3rd period

7. Senators , Scott Hartnell 15 (Matt Greene, James Reimer) at 3:15 (PP)
8. Lightning , Alex Chiasson 24 (Ondrej Palat, Ryan Nugent-Hopkins) at 3:38
9. Lightning , Ryan Nugent-Hopkins 16 (Marc Methot) at 9:44
10. Lightning , Tyson Barrie 18 (Alex Chiasson, Ryan Nugent-Hopkins) at 17:04

Penalties :
Erik Condra (TB ) for Elbowing (Minor) at 2:28, Ondrej Palat (TB ) for Roughing (Minor) at 5:18

Goalie Stats

Carey Price (TB ), 25 saves from 28 shots - (0.893), W, 35-19-12, 60:00 minutes
Steve Mason (Ott), 10 saves from 14 shots - (0.714), L, 39-24-5, 25:46 minutes
James Reimer (Ott), 12 saves from 15 shots - (0.800), 34:14 minutes

Players Stats for Lightning

Player Name              G  A  P  +/- PIM S  H  SB GA TA FO     MP     PP MP  PK MP  
------------------------------------------------------------------------------------
Alex Chiasson            1  4  5   4  0   2  0  0  0  0  1/1    17:34   2:42   0:00 
Dave Bolland             0  0  0   0  2   1  2  0  2  1  5/14   14:53   1:44   0:00 
Derek MacKenzie          0  1  1   1  0   0  0  1  0  0  1/4    12:21   0:00   4:32 
Erik Condra              0  0  0   0  2   1  1  0  1  1  0/0    17:00   0:00   3:52 
Jiri Tlusty              0  0  0   0  0   1  1  0  1  0  0/0    13:12   1:39   0:00 
John Mitchell            0  0  0   0  0   1  5  0  1  1  7/20   17:24   1:39   4:10 
Marc Methot              1  1  2   1  2   3  2  0  0  2  0/0    22:22   1:48   4:06 
Matt Calvert             0  0  0   0  2   3  0  0  0  0  0/0    12:12   0:05   0:00 
Mattias Ekholm           0  1  1   2  0   0  0  1  0  0  0/0    15:06   0:00   0:00 
Michael Stone            1  0  1   1  0   1  1  2  2  2  0/0    22:49   1:48   4:32 
Nikolai Kulemin          0  0  0   0  0   2  1  0  0  1  0/0    16:23   0:00   4:50 
Ondrej Palat             0  2  2   4  4   3  2  1  5  0  0/2    17:21   2:47   0:00 
Roman Polak              0  0  0   2  2   0  2  2  0  2  0/0    19:24   0:00   3:43 
Ryan Nugent-Hopkins      2  3  5   4  0   4  0  0  1  1  4/13   17:34   2:42   0:00 
Ryan Suter               0  0  0   2  0   3  4  0  1  1  0/0    22:16   2:38   4:21 
Shawn Matthias           0  1  1   1  0   0  0  0  0  0  0/0     6:15   0:00   0:00 
Travis Moen              0  0  0   1  0   0  0  0  0  1  0/0     6:15   0:00   0:00 
Tyson Barrie             2  0  2   2  0   4  1  1  3  0  0/0    18:56   2:38   0:42 

Players Stats for Senators

Player Name              G  A  P  +/- PIM S  H  SB GA TA FO     MP     PP MP  PK MP  
------------------------------------------------------------------------------------
Colin Greening           0  0  0   0  0   0  1  0  1  0  0/0    12:54   4:15   2:22 
Connor Murphy            0  0  0  -1  0   1  1  3  0  1  0/0    13:16   0:00   2:08 
David Clarkson           0  0  0   0  0   0  3  0  0  0  0/0     5:16   0:00   0:00 
Henrik Sedin             0  2  2  -1  0   3  1  2  2  0  8/13   20:09   4:27   0:02 
Johnny Oduya             0  0  0  -3  0   3  2  4  1  3  0/0    26:45   4:45   2:18 
Jonathan Toews           0  0  0  -2  0   3  0  0  4  1  20/29  21:52   4:15   0:16 
Justin Schultz           0  0  0  -1  0   2  0  1  3  0  0/0    15:34   0:00   0:00 
Kyle Clifford            0  0  0  -2  2   0  2  0  0  0  0/0    12:21   0:00   0:25 
Kyle Okposo              0  2  2  -1  0   2  2  0  7  2  1/2    20:59   4:27   1:48 
Loui Eriksson            1  0  1  -1  0   3  1  0  0  0  0/0    18:44   4:27   0:14 
Mark Scheifele           0  0  0  -2  0   0  1  0  1  0  1/1    13:57   0:00   0:03 
Matt Greene              0  1  1  -1  2   1  1  2  0  0  0/0    21:23   3:57   0:58 
Nate Prosser             0  0  0  -1  4   1  2  2  0  0  0/0    16:14   3:57   1:09 
Nazem Kadri              0  0  0  -2  0   4  0  1  1  1  4/5    13:07   0:00   0:00 
Peter Harrold            0  0  0   0  0   0  0  0  0  0  0/0     0:00   0:00   0:00 
Reilly Smith             0  0  0  -2  0   0  1  1  0  0  0/1    12:41   0:00   0:00 
Scott Hartnell           1  0  1  -2  2   4  2  0  6  0  2/3    20:15   4:14   2:19 
Zach Bogosian            1  0  1  -3  0   1  3  2  0  2  0/0    26:45   4:45   2:18 

3 Stars

1 - Ryan Nugent-Hopkins (TB )
2 - Alex Chiasson (TB )
3 - Tyson Barrie (TB )

Power Play

Lightning - 2 on 5 Attempt(s) - 40.00%
Senators - 3 on 7 Attempt(s) - 42.86%

Penalty Kill

Lightning - 4 on 7 Attempt(s) - 57.14% - Score 0 goal in Penalty Kill
Senators - 3 on 5 Attempt(s) - 60.00% - Score 0 goal in Penalty Kill

Team Stat

Lightning - Hits : 22 - Faceoff Wins : 18 - Blocked Shots : 8 - Penalty Minutes : 14
Senators - Hits : 23 - Faceoff Wins : 36 - Blocked Shots : 18 - Penalty Minutes : 10

Official

Referees : Unknown
Linesman : Unknown

Game Notes

James Reimer enters game at 5:46 of 2nd period

Finance

Level 1 -- Attendance: 3877 (64.62%) -- Ticket Income $387,700
Level 2 -- Attendance: 3404 (68.08%) -- Ticket Income $204,240
Level 3 -- Attendance: 1368 (68.40%) -- Ticket Income $47,880
Level 4 -- Attendance: 2910 (72.75%) -- Ticket Income $58,200
Luxury Box -- Attendance: 700 (70.00%) -- Ticket Income $140,000
Game was played at the Scotiabank Place'
Total Attendance: 12259 (68.11%)
Total Ticket Income: $838,020
Other Income: $410,630
Total Income: $1,248,650

Lightning

5 vs 5 Forward 
   Center                   Left Wing                Right Wing               Time % Phy DF OF 
 1 Ryan Nugent-Hopkins      Ondrej Palat             Alex Chiasson            30     0   2  3  
 2 Dave Bolland             Jiri Tlusty              Nikolai Kulemin          30     1   2  2  
 3 John Mitchell            Matt Calvert             Erik Condra              25     1   3  1  
 4 Derek MacKenzie          Shawn Matthias           Travis Moen              15     1   3  1  

5 vs 5 Defense 
   Defense                  Defense                                           Time % Phy DF OF 
 1 Ryan Suter               Tyson Barrie                                      34     1   2  2  
 2 Marc Methot              Michael Stone                                     33     1   2  2  
 3 Roman Polak              Mattias Ekholm                                    33     1   2  2  
 4 Ryan Suter               Tyson Barrie                                      0      1   2  2  

PowerPlay Forward 
   Center                   Left Wing                Right Wing               Time % Phy DF OF 
 1 Ryan Nugent-Hopkins      Ondrej Palat             Alex Chiasson            50     0   1  4  
 2 Dave Bolland             Jiri Tlusty              John Mitchell            50     0   1  4  

PowerPlay Defense
   Defense                  Defense                                           Time % Phy DF OF 
 1 Ryan Suter               Tyson Barrie                                      60     1   2  2  
 2 Marc Methot              Michael Stone                                     40     1   2  2  

Penalty Kill 4 Players Forward 
   Center                   Wing                     Time % Phy DF OF 
 1 John Mitchell            Nikolai Kulemin          50     1   4  0  
 2 Derek MacKenzie          Erik Condra              50     1   4  0  

Penalty Kill 4 Players Defense
   Defense                  Defense                  Time % Phy DF OF 
 1 Marc Methot              Michael Stone            50     1   4  0  
 2 Ryan Suter               Roman Polak              50     1   4  0  

Penalty Kill - 3 Players Forward 
   Forward                                           Time % Phy DF OF 
 1 John Mitchell                                     50     1   4  0  
 2 Derek MacKenzie                                   50     1   4  0  

Penalty Kill - 3 Players Defense
   Defense                  Defense                  Time % Phy DF OF 
 1 Marc Methot              Michael Stone            50     1   4  0  
 2 Ryan Suter               Roman Polak              50     1   4  0  

4 vs 4 Forward 
   Center                   Wing                     Time % Phy DF OF 
 1 Ryan Nugent-Hopkins      Alex Chiasson            50     0   2  3  
 2 Dave Bolland             Ondrej Palat             50     0   2  3  

4 vs 4 Defense
   Defense                  Defense                  Time % Phy DF OF 
 1 Ryan Suter               Tyson Barrie             60     1   2  2  
 2 Marc Methot              Michael Stone            40     1   2  2  

Last Minutes Offensive
   Center                   Left Wing                Right Wing               Defense                  Defense                  
   Derek MacKenzie          Ondrej Palat             Alex Chiasson            Ryan Suter               Tyson Barrie             

Last Minutes Defensive
   Center                   Left Wing                Right Wing               Defense                  Defense                  
   John Mitchell            Travis Moen              Nikolai Kulemin          Ryan Suter               Marc Methot              

Goaltenders
Starting : Carey Price              
Backup : Ben Scrivens             

Extra Forwards
Normal : Ondrej Palat, Ryan Nugent-Hopkins, Alex Chiasson - PP : Ondrej Palat, Ryan Nugent-Hopkins - PK : Nikolai Kulemin
Extra Defensemen
Normal : Ryan Suter, Tyson Barrie, Marc Methot - PP : Ryan Suter - PK : Ryan Suter, Marc Methot
Penalty Shots
Nikolai Kulemin, Ryan Nugent-Hopkins, Ondrej Palat, Jiri Tlusty, Alex Chiasson

Senators

5 vs 5 Forward 
   Center                   Left Wing                Right Wing               Time % Phy DF OF 
 1 Jonathan Toews           Scott Hartnell           Reilly Smith             37     1   1  3  
 2 Henrik Sedin             Loui Eriksson            Kyle Okposo              31     1   1  3  
 3 Nazem Kadri              Kyle Clifford            Mark Scheifele           22     1   2  2  
 4 Jonathan Toews           Colin Greening           David Clarkson           10     2   2  1  

5 vs 5 Defense 
   Defense                  Defense                                           Time % Phy DF OF 
 1 Zach Bogosian            Johnny Oduya                                      35     1   2  2  
 2 Justin Schultz           Matt Greene                                       30     1   2  2  
 3 Nate Prosser             Connor Murphy                                     22     1   2  2  
 4 Zach Bogosian            Johnny Oduya                                      13     1   2  2  

PowerPlay Forward 
   Center                   Left Wing                Right Wing               Time % Phy DF OF 
 1 Jonathan Toews           Scott Hartnell           Colin Greening           60     1   2  2  
 2 Henrik Sedin             Loui Eriksson            Kyle Okposo              40     1   2  2  

PowerPlay Defense
   Defense                  Defense                                           Time % Phy DF OF 
 1 Zach Bogosian            Johnny Oduya                                      60     1   2  2  
 2 Nate Prosser             Matt Greene                                       40     1   2  2  

Penalty Kill 4 Players Forward 
   Center                   Wing                     Time % Phy DF OF 
 1 Scott Hartnell           Colin Greening           60     1   2  2  
 2 Jonathan Toews           Kyle Okposo              40     1   2  2  

Penalty Kill 4 Players Defense
   Defense                  Defense                  Time % Phy DF OF 
 1 Zach Bogosian            Johnny Oduya             60     1   2  2  
 2 Connor Murphy            Matt Greene              40     1   2  2  

Penalty Kill - 3 Players Forward 
   Forward                                           Time % Phy DF OF 
 1 Kyle Okposo                                       60     1   2  2  
 2 Jonathan Toews                                    40     1   2  2  

Penalty Kill - 3 Players Defense
   Defense                  Defense                  Time % Phy DF OF 
 1 Zach Bogosian            Johnny Oduya             60     1   2  2  
 2 Nate Prosser             Matt Greene              40     1   2  2  

4 vs 4 Forward 
   Center                   Wing                     Time % Phy DF OF 
 1 Jonathan Toews           Henrik Sedin             60     1   2  2  
 2 Scott Hartnell           Kyle Okposo              40     1   2  2  

4 vs 4 Defense
   Defense                  Defense                  Time % Phy DF OF 
 1 Zach Bogosian            Johnny Oduya             60     1   2  2  
 2 Connor Murphy            Matt Greene              40     1   2  2  

Last Minutes Offensive
   Center                   Left Wing                Right Wing               Defense                  Defense                  
   Jonathan Toews           Scott Hartnell           Reilly Smith             Zach Bogosian            Johnny Oduya             

Last Minutes Defensive
   Center                   Left Wing                Right Wing               Defense                  Defense                  
   Jonathan Toews           Scott Hartnell           Reilly Smith             Zach Bogosian            Johnny Oduya             

Goaltenders
Starting : Steve Mason              
Backup : James Reimer             

Extra Forwards
Normal : Nazem Kadri, Colin Greening, Jonathan Toews - PP : Nazem Kadri, Colin Greening - PK : Jonathan Toews
Extra Defensemen
Normal : Nate Prosser, Connor Murphy, Johnny Oduya - PP : Nate Prosser - PK : Connor Murphy, Zach Bogosian
Penalty Shots
Jonathan Toews, Henrik Sedin, Nazem Kadri, Kyle Okposo, Scott Hartnell

% Time on Ice - Lightning

Lines # - Real PCT - Wanted PCT - Time Play
Normal Forward
1 - 30% - 30% - 13:28
2 - 30% - 30% - 13:40
3 - 26% - 25% - 11:35
4 - 14% - 15% - 6:15
Normal Defense
1 - 33% - 34% - 14:46
2 - 34% - 33% - 15:06
3 - 34% - 33% - 15:06
4 - 0% - 0% - 0:00
PP Forward
1 - 61% - 50% - 2:42
2 - 39% - 50% - 1:44
PP Defense
1 - 59% - 60% - 2:38
2 - 41% - 40% - 1:48
PK Forward
1 - 48% - 50% - 4:10
2 - 52% - 50% - 4:32
PK Defense
1 - 52% - 50% - 4:32
2 - 48% - 50% - 4:10
PK3 Forward
1 - 0% - 50%
2 - 0% - 50%
PK3 Defense
1 - 0% - 50%
2 - 0% - 50%
44 Forward
1 - 74% - 50% - 1:24
2 - 26% - 50% - 0:30
44 Defense
1 - 74% - 60% - 1:24
2 - 26% - 40% - 0:30
Last Minute Offensive  - 0:00
Last Minute Defensive  - 0:00
Total
Forward - 60:00
Defense - 60:00

% Time on Ice - Senators

Lines # - Real PCT - Wanted PCT - Time Play
Normal Forward
1 - 30% - 37% - 13:42
2 - 31% - 31% - 14:03
3 - 27% - 22% - 11:57
4 - 12% - 10% - 5:16
Normal Defense
1 - 35% - 35% - 15:54
2 - 36% - 30% - 16:02
3 - 24% - 22% - 10:42
4 - 5% - 13% - 2:20
PP Forward
1 - 49% - 60% - 4:15
2 - 51% - 40% - 4:27
PP Defense
1 - 55% - 60% - 4:45
2 - 45% - 40% - 3:57
PK Forward
1 - 100% - 60% - 3:03
2 - 0% - 40% - 0:00
PK Defense
1 - 54% - 60% - 1:39
2 - 46% - 40% - 1:24
PK3 Forward
1 - 100% - 60% - 1:23
2 - 0% - 40% - 0:00
PK3 Defense
1 - 47% - 60% - 0:39
2 - 53% - 40% - 0:44
44 Forward
1 - 64% - 60% - 1:13
2 - 36% - 40% - 0:41
44 Defense
1 - 77% - 60% - 1:28
2 - 23% - 40% - 0:26
Last Minute Offensive  - 0:00
Last Minute Defensive  - 0:00
Total
Forward - 60:00
Defense - 60:00

Play by Play

1st period


0:01 of 1st period - Alex Chiasson wins face-off versus Reilly Smith in neutral zone.
0:24 of 1st period - Snap shot by Scott Hartnell.
0:24 of 1st period - Stopped by Carey Price without a rebound.
0:25 of 1st period - Henrik Sedin wins face-off versus Dave Bolland in Lightning zone.
1:24 of 1st period - Mark Scheifele is hit by John Mitchell and loses puck.
1:38 of 1st period - Johnny Oduya is hit by John Mitchell and loses puck.
2:23 of 1st period - Wrist shot by Scott Hartnell.
2:23 of 1st period - Stopped by Carey Price without a rebound.
2:24 of 1st period - Jonathan Toews wins face-off versus Ryan Nugent-Hopkins in Lightning zone.
2:35 of 1st period - Wrist shot by Jonathan Toews.
2:35 of 1st period - Stopped by Carey Price with a rebound.
3:16 of 1st period - Dave Bolland is hit by Zach Bogosian.
3:26 of 1st period - Ryan Suter is hit by Zach Bogosian and loses puck.
3:39 of 1st period - Slapshot by Tyson Barrie.
3:39 of 1st period - Deflect By Jiri Tlusty.
3:39 of 1st period - Stopped by Steve Mason with a rebound.
3:41 of 1st period - Slapshot by Ryan Suter.
3:41 of 1st period - Deflect By Jiri Tlusty.
3:41 of 1st period - Shot Blocked by Henrik Sedin.
3:41 of 1st period - Puck is out of play.
3:42 of 1st period - Nazem Kadri wins face-off versus John Mitchell in Senators zone.
4:20 of 1st period - Minor Penalty to Matt Calvert for Charging.
4:21 of 1st period - John Mitchell wins face-off versus Jonathan Toews in Lightning zone.
4:25 of 1st period - Minor Penalty to Scott Hartnell for Tripping.
4:26 of 1st period - Ryan Nugent-Hopkins wins face-off versus Jonathan Toews in Senators zone.
4:47 of 1st period - Wrist shot by Alex Chiasson.
4:47 of 1st period - Shot Blocked by Johnny Oduya.
4:49 of 1st period - Slapshot by Ryan Suter.
4:49 of 1st period - Stopped by Steve Mason with a rebound.
4:51 of 1st period - Slapshot by Tyson Barrie.
4:51 of 1st period - Shot Misses the Net.
4:53 of 1st period - Slapshot by Tyson Barrie.
4:53 of 1st period - Deflect By Henrik Sedin.
4:53 of 1st period - Stopped by Steve Mason without a rebound.
4:54 of 1st period - Henrik Sedin wins face-off versus Dave Bolland in Senators zone.
5:05 of 1st period - Wrist shot by Henrik Sedin.
5:05 of 1st period - Shot Blocked by Ondrej Palat.
5:17 of 1st period - Snap shot by Dave Bolland.
5:17 of 1st period - Stopped by Steve Mason with a rebound.
5:19 of 1st period - Slapshot by Marc Methot.
5:19 of 1st period - Stopped by Steve Mason without a rebound.
5:20 of 1st period - Nazem Kadri wins face-off versus Ryan Nugent-Hopkins in Senators zone.
5:36 of 1st period - Zach Bogosian is hit by Ryan Suter and loses puck.
6:09 of 1st period - Tyson Barrie is hit by Johnny Oduya and loses puck.
6:20 of 1st period - Penalty to Matt Calvert is over, Matt Calvert is back on ice.
6:25 of 1st period - Penalty to Scott Hartnell is over, Scott Hartnell is back on ice.
7:07 of 1st period - Slapshot by Shawn Matthias.
7:07 of 1st period - Shot Misses the Net.
7:32 of 1st period - Minor Penalty to Roman Polak for Holding Stick.
7:33 of 1st period - John Mitchell wins face-off versus Henrik Sedin in Lightning zone.
7:57 of 1st period - Wrist shot by Kyle Okposo.
7:57 of 1st period - Shot Misses the Net.
7:59 of 1st period - Snap shot by Loui Eriksson.
7:59 of 1st period - Goal by Loui Eriksson - Lightning : 0 - Senators : 1.
8:00 of 1st period - Jonathan Toews wins face-off versus Ryan Nugent-Hopkins in neutral zone.
8:10 of 1st period - Minor Penalty to Ondrej Palat for Diving.
8:11 of 1st period - Jonathan Toews wins face-off versus Derek MacKenzie in Lightning zone.
9:02 of 1st period - Snap shot by Kyle Okposo.
9:02 of 1st period - Shot Misses the Net.
9:04 of 1st period - Snap shot by Loui Eriksson.
9:04 of 1st period - Shot Misses the Net.
9:06 of 1st period - Wrist shot by Loui Eriksson.
9:06 of 1st period - Stopped by Carey Price with a rebound.
9:08 of 1st period - Wrist shot by Henrik Sedin.
9:08 of 1st period - Stopped by Carey Price with a rebound.
9:10 of 1st period - Slapshot by Nate Prosser.
9:10 of 1st period - Shot Misses the Net.
9:14 of 1st period - Slapshot by Henrik Sedin.
9:14 of 1st period - Stopped by Carey Price with a rebound.
9:16 of 1st period - Slapshot by Matt Greene.
9:16 of 1st period - Stopped by Carey Price without a rebound.
9:17 of 1st period - Henrik Sedin wins face-off versus John Mitchell in Lightning zone.
9:34 of 1st period - Slapshot by Kyle Okposo.
9:34 of 1st period - Stopped by Carey Price with a rebound.
9:36 of 1st period - Backhand shot by Zach Bogosian.
9:36 of 1st period - Goal by Zach Bogosian - Lightning : 0 - Senators : 2.
9:37 of 1st period - Ryan Nugent-Hopkins wins face-off versus Jonathan Toews in neutral zone.
10:00 of 1st period - Wrist shot by Ondrej Palat.
10:00 of 1st period - Stopped by Steve Mason with a rebound.
10:14 of 1st period - Snap shot by Ryan Nugent-Hopkins.
10:14 of 1st period - Goal by Ryan Nugent-Hopkins - Lightning : 1 - Senators : 2.
10:15 of 1st period - Henrik Sedin wins face-off versus Dave Bolland in neutral zone.
10:28 of 1st period - Slapshot by Ryan Suter.
10:28 of 1st period - Shot Blocked by Zach Bogosian.
11:12 of 1st period - John Mitchell is hit by Kyle Clifford and loses puck.
11:18 of 1st period - Icing by John Mitchell.
11:19 of 1st period - John Mitchell wins face-off versus Jonathan Toews in Lightning zone.
11:26 of 1st period - Snap shot by Justin Schultz.
11:26 of 1st period - Stopped by Carey Price without a rebound.
11:27 of 1st period - Jonathan Toews wins face-off versus Ondrej Palat in Lightning zone.
11:48 of 1st period - Snap shot by Ryan Nugent-Hopkins.
11:48 of 1st period - Deflect By Ondrej Palat.
11:48 of 1st period - Stopped by Steve Mason without a rebound.
11:49 of 1st period - Kyle Okposo wins face-off versus John Mitchell in Senators zone.
11:58 of 1st period - Wrist shot by Loui Eriksson.
11:58 of 1st period - Stopped by Carey Price without a rebound.
11:59 of 1st period - John Mitchell wins face-off versus Henrik Sedin in Lightning zone.
12:06 of 1st period - Slapshot by Ryan Suter.
12:06 of 1st period - Shot Blocked by Nate Prosser.
13:41 of 1st period - Johnny Oduya is hit by Nikolai Kulemin and loses puck.
14:39 of 1st period - Slapshot by Tyson Barrie.
14:39 of 1st period - Goal by Tyson Barrie - Lightning : 2 - Senators : 2.
14:40 of 1st period - Jonathan Toews wins face-off versus John Mitchell in neutral zone.
15:28 of 1st period - Kyle Okposo is hit by Ryan Suter and loses puck.
15:35 of 1st period - Loui Eriksson is hit by Tyson Barrie and loses puck.
16:01 of 1st period - Wrist shot by Ryan Nugent-Hopkins.
16:01 of 1st period - Stopped by Steve Mason with a rebound.
16:04 of 1st period - Minor Penalty to Nate Prosser for Holding.
16:05 of 1st period - Scott Hartnell wins face-off versus Ryan Nugent-Hopkins in Senators zone.
16:16 of 1st period - Wrist shot by Ryan Nugent-Hopkins.
16:16 of 1st period - Stopped by Steve Mason with a rebound.
16:18 of 1st period - Slapshot by Michael Stone.
16:18 of 1st period - Shot Blocked by Zach Bogosian.
16:20 of 1st period - Slapshot by Michael Stone.
16:20 of 1st period - Goal by Michael Stone - Lightning : 3 - Senators : 2.
16:21 of 1st period - Jonathan Toews wins face-off versus Dave Bolland in neutral zone.
17:38 of 1st period - Nazem Kadri is hit by Ondrej Palat and loses puck.
18:18 of 1st period - Wrist shot by Shawn Matthias.
18:18 of 1st period - Shot Misses the Net.
18:32 of 1st period - Michael Stone is hit by Connor Murphy and loses puck.
18:47 of 1st period - John Mitchell is hit by David Clarkson.
18:53 of 1st period - Slapshot by Ryan Suter.
18:53 of 1st period - Deflect By John Mitchell.
18:53 of 1st period - Shot Blocked by Connor Murphy.
18:53 of 1st period - Puck is out of play.
18:54 of 1st period - Jonathan Toews wins face-off versus John Mitchell in Senators zone.
19:27 of 1st period - Justin Schultz is hit by Ryan Suter and loses puck.
19:40 of 1st period - Matt Greene is hit by Jiri Tlusty and loses puck.
Goals for this period are 3 for Lightning vs 2 for Senators.
Shots for this period are 12 for Lightning vs 12 for Senators.

2nd period


0:01 of 2nd period - Jonathan Toews wins face-off versus Ryan Nugent-Hopkins in neutral zone.
0:18 of 2nd period - Slapshot by Scott Hartnell.
0:18 of 2nd period - Stopped by Carey Price with a rebound.
0:20 of 2nd period - Slapshot by Johnny Oduya.
0:20 of 2nd period - Shot Blocked by Michael Stone.
0:22 of 2nd period - Snap shot by Johnny Oduya.
0:22 of 2nd period - Stopped by Carey Price with a rebound.
0:24 of 2nd period - Slapshot by Johnny Oduya.
0:24 of 2nd period - Stopped by Carey Price with a rebound.
0:26 of 2nd period - Slapshot by Johnny Oduya.
0:26 of 2nd period - Deflect By Ryan Nugent-Hopkins.
0:26 of 2nd period - Stopped by Carey Price with a rebound.
0:28 of 2nd period - Slapshot by Johnny Oduya.
0:28 of 2nd period - Shot Hit the Post.
0:30 of 2nd period - Wrist shot by Zach Bogosian.
0:30 of 2nd period - Shot Blocked by Michael Stone.
0:48 of 2nd period - Loui Eriksson is hit by Marc Methot and loses puck.
0:55 of 2nd period - Ondrej Palat is hit by Henrik Sedin and loses puck.
1:19 of 2nd period - Minor Penalty to Marc Methot for Hooking.
1:20 of 2nd period - Jonathan Toews wins face-off versus John Mitchell in Lightning zone.
1:28 of 2nd period - Snap shot by Jonathan Toews.
1:28 of 2nd period - Stopped by Carey Price without a rebound.
1:29 of 2nd period - Jonathan Toews wins face-off versus John Mitchell in Lightning zone.
1:32 of 2nd period - Snap shot by Scott Hartnell.
1:32 of 2nd period - Deflect By Jonathan Toews.
1:32 of 2nd period - Shot Misses the Net.
1:32 of 2nd period - Puck is out of play.
1:33 of 2nd period - Jonathan Toews wins face-off versus John Mitchell in Lightning zone.
1:50 of 2nd period - Snap shot by Scott Hartnell.
1:50 of 2nd period - Shot Misses the Net.
1:52 of 2nd period - Slapshot by Matt Greene.
1:52 of 2nd period - Shot Misses the Net.
1:54 of 2nd period - Slapshot by Nate Prosser.
1:54 of 2nd period - Shot Misses the Net.
1:56 of 2nd period - Slapshot by Nate Prosser.
1:56 of 2nd period - Deflect By Nikolai Kulemin.
1:56 of 2nd period - Stopped by Carey Price with a rebound.
2:35 of 2nd period - Ryan Suter is hit by Kyle Okposo and loses puck.
2:46 of 2nd period - Derek MacKenzie is hit by Nate Prosser and loses puck.
3:19 of 2nd period - Penalty to Marc Methot is over, Marc Methot is back on ice.
3:48 of 2nd period - Slapshot by Nazem Kadri.
3:48 of 2nd period - Stopped by Carey Price with a rebound.
3:50 of 2nd period - Snap shot by Kyle Clifford.
3:50 of 2nd period - Shot Misses the Net.
4:00 of 2nd period - Wrist shot by Nazem Kadri.
4:00 of 2nd period - Stopped by Carey Price with a rebound.
4:16 of 2nd period - Minor Penalty to Nate Prosser for Interference.
4:17 of 2nd period - Scott Hartnell wins face-off versus Ryan Nugent-Hopkins in Senators zone.
5:32 of 2nd period - Wrist shot by John Mitchell.
5:32 of 2nd period - Deflect By Scott Hartnell.
5:32 of 2nd period - Shot Hit the Post.
5:32 of 2nd period - Puck is out of play.
5:33 of 2nd period - Ryan Nugent-Hopkins wins face-off versus Jonathan Toews in Senators zone.
5:44 of 2nd period - Snap shot by Ondrej Palat.
5:44 of 2nd period - Stopped by Steve Mason with a rebound.
5:46 of 2nd period - Wrist shot by Marc Methot.
5:46 of 2nd period - Goal by Marc Methot - Lightning : 4 - Senators : 2.
5:46 of 2nd period - James Reimer enters game.
5:47 of 2nd period - Dave Bolland wins face-off versus Henrik Sedin in neutral zone.
6:30 of 2nd period - Minor Penalty to Dave Bolland for Hooking.
6:31 of 2nd period - Derek MacKenzie wins face-off versus Jonathan Toews in Lightning zone.
7:00 of 2nd period - Snap shot by Nikolai Kulemin.
7:00 of 2nd period - Shot Misses the Net.
7:52 of 2nd period - Roman Polak is hit by Colin Greening and loses puck.
8:21 of 2nd period - Nate Prosser is hit by John Mitchell.
8:30 of 2nd period - Penalty to Dave Bolland is over, Dave Bolland is back on ice.
8:45 of 2nd period - Marc Methot is hit by Nate Prosser and loses puck.
9:03 of 2nd period - Minor Penalty to Kyle Clifford for Holding.
9:04 of 2nd period - Ryan Nugent-Hopkins wins face-off versus Scott Hartnell in Senators zone.
9:39 of 2nd period - Minor Penalty to Matt Greene for Hooking.
9:40 of 2nd period - Dave Bolland wins face-off versus Kyle Okposo in Senators zone.
10:08 of 2nd period - Kyle Okposo is hit by Dave Bolland and loses puck.
10:39 of 2nd period - Kyle Okposo is hit by Ryan Suter and loses puck.
11:03 of 2nd period - Penalty to Kyle Clifford is over, Kyle Clifford is back on ice.
11:39 of 2nd period - Penalty to Matt Greene is over, Matt Greene is back on ice.
12:44 of 2nd period - Snap shot by Nazem Kadri.
12:44 of 2nd period - Deflect By Kyle Clifford.
12:44 of 2nd period - Shot Misses the Net.
12:44 of 2nd period - Puck is out of play.
12:45 of 2nd period - Jonathan Toews wins face-off versus Derek MacKenzie in Lightning zone.
13:10 of 2nd period - Wrist shot by Derek MacKenzie.
13:10 of 2nd period - Deflect By Travis Moen.
13:10 of 2nd period - Shot Misses the Net.
13:10 of 2nd period - Puck is out of play.
13:11 of 2nd period - Jonathan Toews wins face-off versus John Mitchell in Senators zone.
14:04 of 2nd period - Snap shot by Mark Scheifele.
14:04 of 2nd period - Shot Misses the Net.
14:14 of 2nd period - Slapshot by Mark Scheifele.
14:14 of 2nd period - Shot Misses the Net.
14:24 of 2nd period - Loui Eriksson is hit by Dave Bolland.
15:15 of 2nd period - Shawn Matthias is hit by Mark Scheifele and loses puck.
15:26 of 2nd period - Slapshot by Roman Polak.
15:26 of 2nd period - Shot Blocked by Nate Prosser.
15:44 of 2nd period - Wrist shot by Jonathan Toews.
15:44 of 2nd period - Shot Misses the Net.
15:46 of 2nd period - Snap shot by Nate Prosser.
15:46 of 2nd period - Shot Misses the Net.
15:48 of 2nd period - Wrist shot by Nate Prosser.
15:48 of 2nd period - Shot Misses the Net.
15:50 of 2nd period - Slapshot by Nate Prosser.
15:50 of 2nd period - Shot Blocked by Mattias Ekholm.
17:00 of 2nd period - Michael Stone is hit by Matt Greene and loses puck.
17:59 of 2nd period - Ryan Nugent-Hopkins is hit by Reilly Smith and loses puck.
18:20 of 2nd period - Snap shot by Dave Bolland.
18:20 of 2nd period - Shot Misses the Net.
18:25 of 2nd period - Icing by Connor Murphy.
18:26 of 2nd period - Mark Scheifele wins face-off versus Dave Bolland in Senators zone.
19:34 of 2nd period - Wrist shot by Ryan Suter.
19:34 of 2nd period - Shot Misses the Net.
19:36 of 2nd period - Snap shot by Erik Condra.
19:36 of 2nd period - Shot Blocked by Justin Schultz.
19:38 of 2nd period - Slapshot by Ryan Suter.
19:38 of 2nd period - Stopped by James Reimer without a rebound.
19:39 of 2nd period - Nazem Kadri wins face-off versus Ryan Nugent-Hopkins in Senators zone.
Goals for this period are 1 for Lightning vs 0 for Senators.
Shots for this period are 3 for Lightning vs 8 for Senators.

3rd period


0:01 of 3rd period - Jonathan Toews wins face-off versus Ryan Nugent-Hopkins in neutral zone.
1:13 of 3rd period - Wrist shot by Kyle Okposo.
1:13 of 3rd period - Shot Blocked by Roman Polak.
1:15 of 3rd period - Backhand shot by Henrik Sedin.
1:15 of 3rd period - Stopped by Carey Price with a rebound.
1:17 of 3rd period - Slapshot by Nate Prosser.
1:17 of 3rd period - Shot Blocked by Roman Polak.
1:19 of 3rd period - Slapshot by Connor Murphy.
1:19 of 3rd period - Stopped by Carey Price without a rebound.
1:20 of 3rd period - Nazem Kadri wins face-off versus Dave Bolland in Lightning zone.
1:27 of 3rd period - Snap shot by Nazem Kadri.
1:27 of 3rd period - Stopped by Carey Price with a rebound.
1:37 of 3rd period - Slapshot by Jiri Tlusty.
1:37 of 3rd period - Shot Blocked by Nazem Kadri.
1:47 of 3rd period - Wrist shot by Nikolai Kulemin.
1:47 of 3rd period - Deflect By Jiri Tlusty.
1:47 of 3rd period - Shot Blocked by Matt Greene.
1:47 of 3rd period - Puck is out of play.
1:48 of 3rd period - John Mitchell wins face-off versus Jonathan Toews in Senators zone.
1:51 of 3rd period - Wrist shot by Matt Calvert.
1:51 of 3rd period - Shot Misses the Net.
2:03 of 3rd period - Matt Calvert is hit by Johnny Oduya and loses puck.
2:12 of 3rd period - Wrist shot by Scott Hartnell.
2:12 of 3rd period - Shot Blocked by Tyson Barrie.
2:28 of 3rd period - Minor Penalty to Erik Condra for Elbowing.
2:29 of 3rd period - Henrik Sedin wins face-off versus Derek MacKenzie in Lightning zone.
2:46 of 3rd period - Snap shot by Kyle Okposo.
2:46 of 3rd period - Stopped by Carey Price with a rebound.
2:48 of 3rd period - Slapshot by Zach Bogosian.
2:48 of 3rd period - Shot Blocked by Derek MacKenzie.
3:02 of 3rd period - Marc Methot is hit by Kyle Okposo and loses puck.
3:15 of 3rd period - Slapshot by Scott Hartnell.
3:15 of 3rd period - Goal by Scott Hartnell - Lightning : 4 - Senators : 3.
3:16 of 3rd period - Jonathan Toews wins face-off versus Ondrej Palat in neutral zone.
3:34 of 3rd period - Wrist shot by Ondrej Palat.
3:34 of 3rd period - Shot Misses the Net.
3:36 of 3rd period - Snap shot by Ondrej Palat.
3:36 of 3rd period - Shot Blocked by Connor Murphy.
3:38 of 3rd period - Snap shot by Alex Chiasson.
3:38 of 3rd period - Goal by Alex Chiasson - Lightning : 5 - Senators : 3.
3:39 of 3rd period - Dave Bolland wins face-off versus Jonathan Toews in neutral zone.
3:58 of 3rd period - Snap shot by Jiri Tlusty.
3:58 of 3rd period - Shot Misses the Net.
4:00 of 3rd period - Wrist shot by Dave Bolland.
4:00 of 3rd period - Shot Misses the Net.
4:02 of 3rd period - Slapshot by Marc Methot.
4:02 of 3rd period - Shot Misses the Net.
4:08 of 3rd period - Snap shot by Nikolai Kulemin.
4:08 of 3rd period - Stopped by James Reimer with a rebound.
4:10 of 3rd period - Slapshot by Nikolai Kulemin.
4:10 of 3rd period - Shot Blocked by Johnny Oduya.
4:12 of 3rd period - Snap shot by Nikolai Kulemin.
4:12 of 3rd period - Stopped by James Reimer with a rebound.
4:14 of 3rd period - Snap shot by Marc Methot.
4:14 of 3rd period - Shot Blocked by Johnny Oduya.
4:16 of 3rd period - Snap shot by Nikolai Kulemin.
4:16 of 3rd period - Shot Misses the Net.
4:37 of 3rd period - Alex Chiasson is hit by Zach Bogosian and loses puck.
5:18 of 3rd period - Minor Penalty to Ondrej Palat for Roughing.
5:19 of 3rd period - John Mitchell wins face-off versus Jonathan Toews in Lightning zone.
6:04 of 3rd period - Snap shot by Ryan Suter.
6:04 of 3rd period - Stopped by James Reimer with a rebound.
7:18 of 3rd period - Penalty to Ondrej Palat is over, Ondrej Palat is back on ice.
7:42 of 3rd period - Connor Murphy is hit by Ondrej Palat and loses puck.
7:49 of 3rd period - Mark Scheifele is hit by Roman Polak and loses puck.
8:42 of 3rd period - Marc Methot is hit by Scott Hartnell and loses puck.
8:57 of 3rd period - Slapshot by Ryan Suter.
8:57 of 3rd period - Shot Blocked by Reilly Smith.
8:59 of 3rd period - Slapshot by Tyson Barrie.
8:59 of 3rd period - Stopped by James Reimer with a rebound.
9:09 of 3rd period - Connor Murphy is hit by Erik Condra and loses puck.
9:40 of 3rd period - Snap shot by Ryan Nugent-Hopkins.
9:40 of 3rd period - Shot Blocked by Johnny Oduya.
9:42 of 3rd period - Slapshot by Marc Methot.
9:42 of 3rd period - Stopped by James Reimer with a rebound.
9:44 of 3rd period - Slapshot by Ryan Nugent-Hopkins.
9:44 of 3rd period - Goal by Ryan Nugent-Hopkins - Lightning : 6 - Senators : 3.
9:45 of 3rd period - Henrik Sedin wins face-off versus Ryan Nugent-Hopkins in neutral zone.
9:58 of 3rd period - Wrist shot by Alex Chiasson.
9:58 of 3rd period - Shot Blocked by Henrik Sedin.
10:00 of 3rd period - Backhand shot by Marc Methot.
10:00 of 3rd period - Shot Misses the Net.
10:04 of 3rd period - Wrist shot by Alex Chiasson.
10:04 of 3rd period - Shot Misses the Net.
10:37 of 3rd period - Ryan Suter is hit by Kyle Clifford and loses puck.
10:46 of 3rd period - Wrist shot by Mark Scheifele.
10:46 of 3rd period - Shot Misses the Net.
11:10 of 3rd period - Johnny Oduya is hit by John Mitchell and loses puck.
11:21 of 3rd period - Snap shot by Matt Calvert.
11:21 of 3rd period - Stopped by James Reimer with a rebound.
11:35 of 3rd period - Slapshot by John Mitchell.
11:35 of 3rd period - Shot Misses the Net.
11:37 of 3rd period - Snap shot by Matt Calvert.
11:37 of 3rd period - Stopped by James Reimer with a rebound.
11:39 of 3rd period - Slapshot by Matt Calvert.
11:39 of 3rd period - Stopped by James Reimer with a rebound.
11:55 of 3rd period - Snap shot by Tyson Barrie.
11:55 of 3rd period - Shot Blocked by Connor Murphy.
12:17 of 3rd period - Travis Moen is hit by David Clarkson and loses puck.
12:42 of 3rd period - Wrist shot by Ryan Nugent-Hopkins.
12:42 of 3rd period - Shot Misses the Net.
13:36 of 3rd period - Zach Bogosian is hit by Michael Stone and loses puck.
13:47 of 3rd period - Nikolai Kulemin is hit by Scott Hartnell.
13:57 of 3rd period - Mattias Ekholm is hit by David Clarkson.
14:07 of 3rd period - Nate Prosser is hit by John Mitchell and loses puck.
14:20 of 3rd period - Nate Prosser is hit by Roman Polak and loses puck.
15:11 of 3rd period - Justin Schultz is hit by Marc Methot and loses puck.
15:24 of 3rd period - Slapshot by Alex Chiasson.
15:24 of 3rd period - Stopped by James Reimer with a rebound.
15:26 of 3rd period - Slapshot by Ryan Suter.
15:26 of 3rd period - Deflect By Alex Chiasson.
15:26 of 3rd period - Shot Misses the Net.
15:26 of 3rd period - Puck is out of play.
15:27 of 3rd period - Henrik Sedin wins face-off versus Dave Bolland in Senators zone.
15:36 of 3rd period - Slapshot by Ryan Suter.
15:36 of 3rd period - Deflect By Nikolai Kulemin.
15:36 of 3rd period - Shot Blocked by Matt Greene.
15:36 of 3rd period - Puck is out of play.
15:37 of 3rd period - Dave Bolland wins face-off versus Henrik Sedin in Senators zone.
16:00 of 3rd period - Snap shot by Dave Bolland.
16:00 of 3rd period - Deflect By Jiri Tlusty.
16:00 of 3rd period - Shot Misses the Net.
16:00 of 3rd period - Puck is out of play.
16:01 of 3rd period - Jonathan Toews wins face-off versus John Mitchell in Senators zone.
16:08 of 3rd period - Wrist shot by Scott Hartnell.
16:08 of 3rd period - Shot Misses the Net.
16:32 of 3rd period - Snap shot by Nazem Kadri.
16:32 of 3rd period - Shot Misses the Net.
17:02 of 3rd period - Wrist shot by Alex Chiasson.
17:02 of 3rd period - Shot Misses the Net.
17:04 of 3rd period - Slapshot by Tyson Barrie.
17:04 of 3rd period - Deflect By Zach Bogosian.
17:04 of 3rd period - Goal by Tyson Barrie - Lightning : 7 - Senators : 3.
17:05 of 3rd period - Jonathan Toews wins face-off versus Dave Bolland in neutral zone.
17:08 of 3rd period - Slapshot by Justin Schultz.
17:08 of 3rd period - Stopped by Carey Price without a rebound.
17:09 of 3rd period - Jonathan Toews wins face-off versus Dave Bolland in Lightning zone.
17:31 of 3rd period - Snap shot by Jonathan Toews.
17:31 of 3rd period - Stopped by Carey Price without a rebound.
17:32 of 3rd period - John Mitchell wins face-off versus Henrik Sedin in Lightning zone.
17:41 of 3rd period - Wrist shot by John Mitchell.
17:41 of 3rd period - Stopped by James Reimer without a rebound.
17:42 of 3rd period - Henrik Sedin wins face-off versus John Mitchell in Senators zone.
17:57 of 3rd period - Off-side.
17:58 of 3rd period - Dave Bolland wins face-off versus Nazem Kadri in neutral zone.
18:20 of 3rd period - Wrist shot by Nazem Kadri.
18:20 of 3rd period - Stopped by Carey Price without a rebound.
18:21 of 3rd period - Jonathan Toews wins face-off versus John Mitchell in Lightning zone.
18:30 of 3rd period - Wrist shot by Erik Condra.
18:30 of 3rd period - Stopped by James Reimer without a rebound.
18:31 of 3rd period - Jonathan Toews wins face-off versus John Mitchell in Senators zone.
19:26 of 3rd period - Roman Polak is hit by Loui Eriksson and loses puck.
Goals for this period are 3 for Lightning vs 1 for Senators.
Shots for this period are 14 for Lightning vs 8 for Senators.


Output by the SimonT Hockey Simulator (STHS) for Eric Dolegowski -- Original Page W3C XHTML 1.0 Valid
Hockey Simulator - Hockey Simulation - Hockey Manager